 Dungeon Crawl Stone Soup version 0.28.0 (webtiles) character file.

Game seed: 18260219741184693784

146 trckry the Conjurer (level 5, -1/31 HPs)
             Began as an Octopode Conjurer on Feb 12, 2022.
             Was a Follower of Okawaru.
             Slain by an adder (3 damage)
             ... on level 2 of the Dungeon.
             The game lasted 00:05:07 (2638 turns).

trckry the Conjurer (Octopode Conjurer)             Turns: 2638, Time: 00:05:08

Health: -1/31      AC:  1    Str:  6    XL:     5   Next: 28%
Magic:  9/9        EV: 13    Int: 23    God:    Okawaru [*.....]
Gold:   99         SH:  0    Dex: 10    Spells: 7/10 levels left

rFire   . . .      SeeInvis .   e - +2 dagger (elec)
rCold   . . .      Faith    .   (no shield)
rNeg    . . .      Spirit   .   (helmet restricted)
rPois   .          Reflect  .   (no amulet)
rElec   .          Harm     .   (no ring)
rCorr   .          Rampage  .   (no ring)
Will    .....                   (no ring)
Stlth   +++.......              (no ring)
HPRegen 0.10/turn               (no ring)
MPRegen 0.11/turn               (no ring)
                                (no ring)
                                (no ring)

@: lethally poisoned (-1 -> -2)
A: almost no armour, amphibious, 8 rings, camouflage 1, gelatinous body 1,
(nimble swimmer 1), tentacles
a: Renounce Religion, Heroism


You were on level 2 of the Dungeon.
You worshipped Okawaru.
Okawaru was aware of your devotion.
You visited 1 branch of the dungeon, and saw 2 of its levels.

You collected 99 gold pieces.

Inventory:

Hand Weapons
 e - a +2 dagger of electrocution (weapon)
Missiles
 b - 78 stones
 g - 3 poisoned darts
Scrolls
 h - 2 scrolls of enchant armour {unknown}
 i - 2 scrolls of teleportation {unknown}
Potions
 a - a potion of attraction {unknown}
 c - a potion of heal wounds {unknown}
 d - a potion of cancellation {unknown}
 f - a potion of curing {unknown}


   Skills:
 - Level 2.0 Dodging
 - Level 3.0 Stealth
 + Level 3.2 Spellcasting
 * Level 5.6 Conjurations


You had 7 spell levels left.
You knew the following spells:

 Your Spells              Type           Power      Damage    Failure   Level
a - Magic Dart            Conj           100%       1d8       1%          1
b - Searing Ray           Conj           58%        2d6       1%          2

Your spell library contained the following spells:

 Spells                   Type           Power      Damage    Failure   Level
 Dazzling Flash           Conj/Hex       32%        N/A       11%         3
 Fulminant Prism          Conj/Hex       8%         3d7       34%         4
 Iskenderun's Mystic Bla  Conj/Tloc      16%        2d5       34%         4


Dungeon Overview and Level Annotations

Branches:
Dungeon (2/15)

Altars:
Okawaru


Innate Abilities, Weirdness & Mutations

You cannot wear most types of armour.
You are amphibious.
You can wear up to eight rings at the same time.
Your skin changes colour to match your surroundings (Stealth+).
Your rubbery body absorbs attacks. (AC +1, EV +1)
((You are camouflaged when in or above water. (Stealth+)))
You have tentacles for arms and can constrict up to eight enemies at once.


Message History

You see here a +0 club.
i - 2 scrolls labelled XIXAXZ ACUPOA (gained 1)
Things that are here:
a +0 club; a +0 dagger An adder comes into view.
The adder moves out of view.
An adder is nearby!
You see here a +0 dagger.
The adder hisses angrily.
The adder bites you but does no damage. The adder misses you.
The adder closely misses you. The adder completely misses you.
The adder completely misses you. The adder bites you.
You are poisoned.
The adder poisons you! The adder bites you.
You feel sick. The adder bites you.
You feel sick. The adder bites you.
You feel sick. The adder barely misses you. The adder bites you.
You feel sick. The adder barely misses you.
You feel sick.
You are no longer poisoned.
The adder bites you. The adder bites you but does no damage.
The adder misses you. The adder closely misses you. The adder bites you.
The adder bites you. The adder barely misses you. x2
The adder barely misses you. The adder misses you. The adder bites you.
* * * LOW HITPOINT WARNING * * *
The adder bites you.
* * * LOW HITPOINT WARNING * * *
You are poisoned.
The adder poisons you!
You feel sick. The adder barely misses you.
You feel sick. The adder closely misses you.
You feel sick. The adder barely misses you. The adder bites you.
You die...

#..#########..'...# ###..
#..# .#..#....##.## #.'..
#..# '..#....#.## #.#.. #..#
#..#8#...# #######'#g.
#..####.####..## #.g..g.....
#..........#.#####.......g..
#...)).).)..................
##.###..#..#..##########'###
#.#..)_...@..# #.......
#.##'###.#S..# #.......
#.#.........)# #.......
#.#.....#....# #†......
#.#######....# #.###### ###
##...# #.# ##### #.# ##'##
#...#


You could see an adder.

Vanquished Creatures
  Natasha (thrice) (D:2)
  Robin (D:2)
  An adder (D:2)
  A dart slug (D:2)
  A bat (D:1)
  4 endoplasms
  2 giant cockroaches (D:1)
  14 goblins
  4 hobgoblins
  2 jackals (D:2)
  5 kobolds
  6 ball pythons
  3 frilled lizards
  2 rats
49 creatures vanquished.

Vanquished Creatures (others)
  2 plants (D:2)
2 creatures vanquished.

Grand Total: 51 creatures vanquished

Notes
Turn   | Place    | Note
-------+----------+-------------------------------------------
     0 | D:1      | trckry the Octopode Conjurer began the quest for the Orb.
     0 | D:1      | Reached XP level 1. HP: 11/11 MP: 3/3
   229 | D:1      | Reached XP level 2. HP: 15/17 MP: 3/5
   241 | D:1      | Learned a level 2 spell: Searing Ray
  1134 | D:2      | Noticed Natasha
  1147 | D:2      | Killed Natasha
  1148 | D:2      | Reached XP level 3. HP: 13/21 MP: 0/6
  1310 | D:2      | Noticed Natasha
  1333 | D:2      | Killed Natasha
  1334 | D:2      | Reached skill level 5 in Conjurations
  1334 | D:2      | Reached XP level 4. HP: 21/27 MP: 2/8
  1508 | D:2      | Noticed Natasha
  1512 | D:2      | Killed Natasha
  2070 | D:2      | Reached XP level 5. HP: 31/31 MP: 6/9
  2070 | D:2      | Noticed Robin
  2082 | D:2      | Found a faded altar of an unknown god.
  2543 | D:2      | Killed Robin
  2548 | D:2      | Prayed at the altar of an unknown god.
  2548 | D:2      | Became a worshipper of Warmaster Okawaru
  2548 | D:2      | Reached * piety under Okawaru
  2636 | D:2      | HP: 4/31 [poisoned by an adder]
  2638 | D:2      | Slain by an adder

Illustrated notes

Levels and vault maps discovered:
D:1:      dpeg_arrival_shelter, layout_rooms
D:2:      layout_basic, shapermc_ecumenical_altar_mp_vishouse,
          serial_bayou_lagoon_b, uniq_natasha, uniq_robin

Skill      XL: |  1  2  3  4 |
---------------+-------------+-----
Stealth        | 3 |  3.0
Conjurations   | 5 |  5.6
Spellcasting   | 3 |  3.2
Dodging        | |  2.0

Action                   |  1- 3 |  4- 6 || total
-------------------------+-------+-------++-------
Melee: Unarmed           |    24 |     8 ||    32
       Constrict         |     6 |     4 ||    10
       Tentacles         |     4 |     3 ||     7
       Dagger            |       |    18 ||    18
       Flail             |       |     2 ||     2
       Punch             |       |     1 ||     1
 Cast: Magic Dart        |    27 |     4 ||    31
       Searing Ray       |     2 |     6 ||     8
 Stab: Sleeping          |     1 |     4 ||     5
Armor: Skin              |     4 |     5 ||     9
Dodge: Dodged            |    22 |    29 ||    51
